 Dungeon Crawl Stone Soup version 0.29.1-1-gd02db69 (webtiles) character file.

Game seed: 1292677541101766278

5886 Kel the Cleaver (level 10, -4/56 HPs)
             Began as a Gargoyle Berserker on Jan 25, 2023.
             Was a Priest of Trog.
             Slain by Snorg (11 damage)
             ... on level 10 of the Dungeon.
             The game lasted 00:20:49 (11388 turns).

Kel the Cleaver (Gargoyle Berserker)               Turns: 11388, Time: 00:20:49

Health: -4/56      AC: 30    Str: 25    XL:     10   Next: 82%
Magic:  10/10      EV:  3    Int:  8    God:    Trog [***...]
Gold:   517        SH:  2    Dex:  9    Spells: 9/9 levels left

rFire   + . .      SeeInvis .   A - +2 war axe (flame)
rCold   . . .      Faith    .   K - +0 buckler
rNeg    + . .      Spirit   .   y - +0 crystal plate armour
rPois   ∞          Reflect  .   n - +0 helmet
rElec   +          Harm     .   b - +0 cloak
rCorr   .          Rampage  .   F - +1 pair of gloves
Will    .....                   (no boots)
Stlth   ..........              J - amulet of regeneration
HPRegen 0.98/turn               H - ring of protection from fire
MPRegen 0.12/turn               C - +4 ring of protection

@: on berserk cooldown, slowed, very slow
A: sickness immunity, AC +7, negative energy resistance 1, electricity
resistance, torment resistance 1, petrification resistance
a: Renounce Religion, Berserk, Trog's Hand


You were on level 10 of the Dungeon.
You worshipped Trog.
Trog was most pleased with you.
You visited 1 branch of the dungeon, and saw 10 of its levels.

You collected 517 gold pieces.

Inventory:

Hand Weapons
 A - a +2 war axe of flaming (weapon)
Missiles
 E - 3 throwing nets (quivered)
Armour
 b - a +0 cloak (worn)
 n - a +0 helmet (worn)
 y - a +0 crystal plate armour (worn)
 F - a +1 pair of gloves (worn)
 K - a +0 buckler (worn)
Jewellery
 B - a ring of protection from cold
 C - a +4 ring of protection (right hand)
 H - a ring of protection from fire (left hand)
 J - an amulet of regeneration (around neck)
Wands
 a - a wand of flame (32)
 x - a wand of light (10)
 M - a wand of charming (5)
Scrolls
 c - 5 scrolls of magic mapping {unknown}
 e - 10 scrolls of identify {unknown}
 f - 2 scrolls of amnesia {unknown}
 g - 2 scrolls of vulnerability {unknown}
 j - a scroll of silence {unknown}
 k - a scroll of summoning {unknown}
 m - a scroll of immolation {unknown}
 o - 2 scrolls of teleportation {unknown}
 p - 2 scrolls of noise {unknown}
 q - 4 scrolls of enchant weapon {unknown}
 r - a scroll of poison {unknown}
 s - 4 scrolls of butterflies {unknown}
 u - a scroll of acquirement {unknown}
 v - 2 scrolls of fear {unknown}
Potions
 d - 5 potions of heal wounds {unknown}
 h - 2 potions of lignification {unknown}
 i - 2 potions of degeneration {unknown}
 l - 2 potions of resistance {unknown}
 t - 11 potions of curing {unknown}
 w - a potion of flight {unknown}
 z - 2 potions of haste {unknown}
 D - a potion of invisibility {unknown}
 G - a potion of ambrosia {unknown}
 I - 2 potions of attraction {unknown}
 L - a potion of might {unknown}


   Skills:
 - Level 3.2 Fighting
 * Level 14.6 Axes
 - Level 2.1 Armour
 - Level 1.5 Dodging


You had 9 spell levels left.
You didn't know any spells.
Your spell library was empty.

Dungeon Overview and Level Annotations

Branches:
Dungeon (10/15)            Temple (0/1) D:5            Lair (0/5) D:9
    Orc: D:9-12

Altars:
Cheibriados
Fedhas
Gozag
Hepliaklqana
Ru
Vehumet
Wu Jian
Xom
The Shining One

Shops:
D:5 ?

Annotations:
D:10 Snorg


Innate Abilities, Weirdness & Mutations

You are immune to sickness and miasma.
Your stone body is resilient. (AC +7)
You are immune to poison.
You resist negative energy. (rN+)
You are resistant to electric shocks. (rElec)
You are resistant to unholy torment.
You are immune to petrification.


Message History

Snorg is lightly wounded.
You hit Snorg. You burn Snorg.
Snorg is moderately wounded.
Snorg goes berserk!
You slash Snorg! You burn Snorg.
Snorg is moderately wounded.
You slash Snorg! You burn Snorg!
Snorg is heavily wounded.
Snorg bites you but does no damage. Snorg claws you but does no damage.
Snorg claws you!
You slash Snorg! You burn Snorg!
Snorg is severely wounded.
Snorg bites you. Snorg claws you but does no damage. You block Snorg's attack.
You closely miss Snorg.
Snorg is severely wounded.
Snorg barely misses you. Snorg claws you but does no damage. x2
You closely miss Snorg.
Snorg is severely wounded.
Snorg bites you but does no damage. Snorg claws you but does no damage. x2
You closely miss Snorg.
Snorg is severely wounded.
You barely miss Snorg.
Snorg is severely wounded.
Snorg bites you but does no damage. Snorg claws you but does no damage.
Snorg claws you!
You closely miss Snorg.
Snorg is severely wounded.
Snorg bites you. Snorg claws you but does no damage. Snorg claws you.
You slice Snorg!! You burn Snorg.
Snorg is severely wounded.
You are no longer berserk.
You are exhausted.
You feel yourself slow down. Snorg bites you!! Snorg claws you!
* * * LOW HITPOINT WARNING * * *
Snorg claws you.
* * * LOW HITPOINT WARNING * * *
You closely miss Snorg.
Snorg is severely wounded.
Snorg bites you but does no damage. Snorg claws you!
You die...

...........## #..#
............# ###..#
............####...#
...
..................#
...
#................##
....
##......#######..##
...# #...### #...###
#...# ##.## #..T..##
#....# #..#
##.@#...##.....##
#..#
#..####..........
#..# #..#
##......... #.# #.##
#..T...... ..##
##...## ##........
...## ##.....##
#........
#...#######........
##.......
##.................
.......
##..........####...
.......


You could see Snorg (berserk).

Vanquished Creatures
  A two-headed ogre (D:9)
  A cyclops (D:9)
  A troll (D:10)
  Grinder (D:3)
  A shadow (D:6)
  6 yaks
  3 steam dragons
  A sky beast (D:8)
  An orc warrior (D:8)
  2 ice beasts
  4 black bears
  2 centaurs (D:8)
  Blork the orc (D:4)
  2 kobold brigands
  2 necrophages (D:6)
  3 bullfrogs
  A gnoll sergeant (D:7)
  2 scorpions
  5 wights (D:7)
  4 howler monkeys
  4 electric eels (D:10)
  2 hounds
  5 orc priests
  2 jellies
  A gnoll bouda (D:7)
  3 iguanas
  Natasha (thrice) (D:3)
  11 orc wizards
  11 gnolls
  6 adders
  A shadow imp (D:6)
  A white imp (D:7)
  An ufetubus (D:6)
  2 worms
  2 dart slugs (D:1)
  36 orcs
  2 ball pythons
  4 bats
  2 endoplasms
  A giant cockroach (D:1)
  10 goblins
  9 hobgoblins
  4 jackals (D:2)
  18 kobolds
  8 quokkas
  6 frilled lizards
  6 rats
205 creatures vanquished.

Vanquished Creatures (others)
  31 plants
31 creatures vanquished.

Grand Total: 236 creatures vanquished

Notes
Turn   | Place    | Note
-------+----------+-------------------------------------------
     0 | D:1      | Kel the Gargoyle Berserker began the quest for the Orb.
     0 | D:1      | Reached XP level 1. HP: 14/14 MP: 1/1
    75 | D:1      | Reached skill level 3 in Axes
   145 | D:1      | Reached XP level 2. HP: 12/19 MP: 2/2
  1144 | D:1      | Reached XP level 3. HP: 19/23 MP: 3/3
  1627 | D:2      | Found a faded altar of an unknown god.
  1634 | D:2      | Noticed a great orb of eyes
  1640 | D:2      | Noticed a floating eye
  1643 | D:2      | Noticed a floating eye
  1643 | D:2      | Noticed a golden eye
  1655 | D:2      | Identified the +1 robe of Parts Unknown {rPois rCorr Int-5
                  | Stlth+}
  1706 | D:2      | Reached skill level 4 in Axes
  2440 | D:2      | Reached ** piety under Trog
  2441 | D:2      | Reached XP level 4. HP: 23/28 MP: 4/4
  2544 | D:3      | Noticed Natasha
  2555 | D:3      | Killed Natasha
  2762 | D:3      | Noticed Grinder
  2774 | D:3      | Killed Grinder
  2775 | D:3      | Reached skill level 6 in Axes
  2775 | D:3      | Reached XP level 5. HP: 32/32 MP: 5/5
  2775 | D:3      | Reached XP level 6. HP: 37/37 MP: 6/6
  3264 | D:3      | Noticed Natasha
  3273 | D:3      | Killed Natasha
  3891 | D:3      | Reached skill level 7 in Axes
  3891 | D:3      | Reached XP level 7. HP: 14/41 MP: 7/7
  3963 | D:3      | Noticed Natasha
  3969 | D:3      | Killed Natasha
  4302 | D:4      | Found an ornate altar of the Wu Jian Council.
  4342 | D:4      | Noticed a hornet
  4453 | D:4      | Noticed Blork the orc
  4472 | D:4      | Killed Blork the orc
  4590 | D:4      | Found a blossoming altar of Fedhas.
  4596 | D:4      | Found a radiant altar of Vehumet.
  4600 | D:4      | Found a transporter.
  4691 | D:4      | Found a transporter.
  4726 | D:4      | Found a snail-covered altar of Cheibriados.
  5031 | D:4      | Reached skill level 8 in Axes
  5160 | D:5      | Entered Level 5 of the Dungeon
  5367 | D:5      | Reached XP level 8. HP: 46/46 MP: 8/8
  5370 | D:5      | Found a staircase to the Ecumenical Temple.
  5407 | D:5      | Reached skill level 9 in Axes
  5803 | D:5      | Found Amotol's Magic Scroll Boutique.
  5999 | D:5      | Identified the +8 spear of Xouq Apy {vamp, *Slow rN+ Str-5
                  | Dex+8}
  6557 | D:6      | Noticed a shadow
  6565 | D:6      | Killed a shadow
  6566 | D:6      | Reached skill level 10 in Axes
  6791 | D:6      | Reached XP level 9. HP: 38/51 MP: 9/9
  7203 | D:6      | Reached skill level 11 in Axes
  7232 | D:6      | Reached *** piety under Trog
  7284 | D:6      | Found a hazy altar of Hepliaklqana.
  7285 | D:6      | Found a shimmering altar of Xom.
  7286 | D:6      | Noticed a spectral ugly thing
  8721 | D:7      | Found a glowing golden altar of the Shining One.
  8730 | D:7      | Reached skill level 12 in Axes
  8896 | D:7      | Found a sacrificial altar of Ru.
  9223 | D:8      | Reached XP level 10. HP: 38/56 MP: 10/10
  9278 | D:8      | Reached skill level 13 in Axes
  9935 | D:9      | Noticed a cyclops
  9948 | D:9      | Killed a cyclops
 10092 | D:9      | Found an opulent altar of Gozag.
 10547 | D:9      | Found a staircase to the Lair.
 10659 | D:9      | Noticed a two-headed ogre
 10664 | D:9      | Killed a two-headed ogre
 10665 | D:9      | Reached skill level 14 in Axes
 10846 | D:10     | Entered Level 10 of the Dungeon
 11363 | D:10     | Noticed Snorg
 11388 | D:10     | Slain by Snorg

Illustrated notes

Levels and vault maps discovered:
D:1:      sevenhm_arrival_forest_fort_large_4, layout_loops_ring,
          chequers_serial_rivers_micro_c, nicolae_concentric_dashed_squares_mild
D:2:      layout_loops_corners, hellmonk_ecumenical_altar_watching_god,
          grunt_ministairs_11
D:3:      layout_loops_cross, nicolae_underground_beach, uniq_grinder,
          uniq_natasha
D:4:      layout_cave_pools, gammafunk_temple_overflow_arena,
          amcnicky_altar_gilded, lemuel_crystal_altar,
          mainiacjoe_overflow_alcove_4, corexii_shack, lightli_corner_chamber,
          uniq_blork_the_orc
D:5:      corexii_shantytown, layout_rooms, minmay_temple_entry_arrows,
          serial_shops, shop, fountainhead, kennysheep_cross_room,
          columned_hall_lemuel
D:6:      layout_loops_ring, regret_index_temple_of_mockery,
          gup_sewer_entry_bowl
D:7:      layout_loops_corners, mainiacjoe_overflow_two_lobes,
          minmay_misc_feat_ornament
D:8:      layout_loops_ring
D:9:      layout_roguey, grunt_gozag_statues, david_lair_shrubbed,
          grunt_ogre_cave
D:10:     layout_layer_cave, jmf_multi_god_temple2, serial_bayou_ford_a,
          uniq_snorg

Skill      XL: |  1  2  3  4  5  6  7  8  9 10 |
---------------+-------------------------------+-----
Axes           | 3 4 6 7 8 10 12 14 | 14.6
Fighting       | |  3.2
Armour         | |  2.1
Dodging        | |  1.5

Action                   |  1- 3 |  4- 6 |  7- 9 | 10-12 || total
-------------------------+-------+-------+-------+-------++-------
Melee: Hand axe          |   119 |   125 |   124 |       ||   368
       Punch             |     1 |     2 |     8 |     1 ||    12
       War axe           |       |       |   306 |   109 ||   415
Invok: Berserk           |       |     2 |     9 |     7 ||    18
 Stab: Sleeping          |     5 |       |       |       ||     5
Armor: Animal skin       |    19 |       |       |       ||    19
       Robe              |    23 |    47 |       |       ||    70
       Ring mail         |       |    18 |    22 |       ||    40
       Crystal plate arm |       |       |   348 |    88 ||   436
Dodge: Dodged            |    73 |    39 |    95 |     8 ||   215
Block: Buckler           |       |       |       |     3 ||     3
